 Dungeon Crawl Stone Soup version 0.14-a0-2052-gb76ddfe (webtiles) character file.

28537 ReteAZ the Black Belt (level 13, 0/82 HPs)
             Began as a Tengu Monk on Jan 20, 2014.
             Was the Champion of Cheibriados.
             Slain by a shadow (30 damage)
             ... on Level 13 of the Dungeon.
             The game lasted 01:23:28 (15009 turns).

ReteAZ the Black Belt (Tengu Monk)                 Turns: 15009, Time: 01:23:28

HP   0/82        AC  6     Str 26      XL: 13   Next: 36%
MP  25/25        EV 27     Int 30      God: Cheibriados [******]
Gold 481         SH  0     Dex 36      Spells:  4 memorised,  2 levels left

rFire  + + .     SeeInvis .       - Unarmed
rCold  + . .     Clarity  .     I - +2 orc robe {rC+ rF+} (curse)
rNeg   + . .     Conserve .     (no shield)
rPois  +         rCorr    .     (helmet restricted)
rElec  .         rRot     .     L - +0 cloak
SustAb . .       Spirit   .     Q - +0 pair of gloves
rMut   .         Warding  +     (boots unavailable)
Saprov . . .     Stasis   .     m - amulet of warding
MR     ++...                    q - ring of poison resistance
                                Z - ring of the Mage {Wiz MR+ Int+3}

@: very slow, very resistant to hostile enchantments, quite stealthy
A: able to fly, antennae 1, beak, talons 3, fire resistance 1, slow metabolism 1
a: Fly, Bend Time, Temporal Distortion, Slouch, Step From Time, Renounce
Religion


You were on level 13 of the Dungeon.
You worshipped Cheibriados.
Cheibriados was exalted by your worship.
You were not hungry.

You visited 3 branches of the dungeon, and saw 17 of its levels.
You also visited: Ossuary.

You collected 863 gold pieces.
You spent 382 gold pieces at shops.

Inventory:

Hand weapons
 C - a +2 blowgun
Missiles
 b - 2 needles of sleeping
 D - 4 curare-tipped needles
 E - 8 poisoned needles
 J - a throwing net (quivered)
Armour
 I - a cursed +2 orcish robe of resistance (worn)
 L - a +0 cloak (worn)
 Q - a +0 pair of gloves (worn)
Magical devices
 i - a wand of confusion (12)
 k - a wand of slowing (16)
 w - a wand of lightning (7)
 A - a wand of polymorph (9)
 G - a wand of fire (6)
Comestibles
 h - 2 pears
 l - a choko
 o - 3 meat rations
 s - 2 bread rations
Scrolls
 a - 3 scrolls of remove curse
 c - a scroll of fear
 e - a scroll of acquirement {unknown}
 f - 4 scrolls of teleportation
 n - a scroll of enchant weapon I
 p - 2 scrolls of fog
 r - 2 scrolls of blinking
 t - a scroll of recharging {unknown}
 x - a scroll of magic mapping
 W - 6 scrolls of identify
Jewellery
 m - an amulet of warding (around neck)
 q - a ring of poison resistance (right hand)
 y - an uncursed ring of sustain abilities {unknown}
 Z - the ring of the Mage (left hand) {Wiz MR+ Int+3}
   (You found it on level 10 of the Dungeon)

   [ring of wizardry]

   It affects your intelligence (+3).
   It affects your resistance to hostile enchantments.
Potions
 g - 11 potions of curing
 j - a potion of porridge
 v - 5 potions of heal wounds
 K - a potion of lignification
 O - 2 potions of might
 S - a potion of magic
Books
 d - a book of Maledictions

   Spells                             Type                      Level
   Corona                             Hexes                        1
   Sure Blade                         Hexes/Charms                 2
   Ensorcelled Hibernation            Hexes/Ice                    2
   Confuse                            Hexes                        3
   Enslavement                        Hexes                        4
   Invisibility                       Hexes                        6
 H - a book of Minor Magic

   Spells                             Type                      Level
   Magic Dart                         Conjuration                  1
   *Blink                             Translocation                2
   Call Imp                           Summoning                    2
   *Repel Missiles                    Charms/Air                   2
   Slow                               Hexes                        2
   *Conjure Flame                     Conjuration/Fire             3
   *Mephitic Cloud                    Conjuration/Poison/Air       3
 Y - a book of Annihilations {highlevel}

   This book is beyond your current level of understanding.

   Spells                             Type                      Level
   Poison Arrow                       Conjuration/Poison           6
   Chain Lightning                    Conjuration/Air              8
   Lehudib's Crystal Spear            Conjuration/Earth            8
   Ice Storm                          Conjuration/Ice              9
   Fire Storm                         Conjuration/Fire             9


   Skills:
 - Level 10.0 Fighting
 - Level 11.1 Dodging
 - Level 2.0 Stealth
 - Level 16.1 Unarmed Combat
 - Level 4.0 Conjurations
 - Level 3.1 Charms
 - Level 3.0 Translocations
 + Level 6.2 Invocations


You had 2 spell levels left.
You knew the following spells:

 Your Spells              Type           Power        Failure   Level  Hunger
a - Mephitic Cloud        Conj/Pois/Air  #.......     8%          3    ####...
b - Repel Missiles        Chrm/Air       #.........   3%          2    ###....
c - Blink                 Tloc           N/A          1%          2    ###....
d - Conjure Flame         Conj/Fire      ##......     5%          3    ####...


Dungeon Overview and Level Annotations

Branches:
Dungeon (13/16)            Temple (1/1) D:6             Orc (0/4) D:12
   Lair (3/8) D:8
  Swamp: Lair:3-6    Shoals: Lair:3-6     Snake: Lair:3-6    Spider: Lair:3-6

Altars:
Cheibriados
Dithmengos
Fedhas
Kikubaaqudgha
Okawaru
Trog
Vehumet
Xom
Yredelemnul
Zin

Shops:
D:4 }   D:8 %   D:11 *   D:12 *?


Innate Abilities, Weirdness & Mutations

You can fly.
You have a beak for a mouth.
You have claws for feet.
You have a pair of small antennae on your head.
Your flesh is heat resistant.
You have a slow metabolism.


Message History

Deactivating autopickup; reactivate with Ctrl-A.
You closely miss the killer bee. Your kick misses the killer bee.
The killer bee is severely wounded.
The killer bee closely misses you.
You pummel the killer bee!!
You kill the killer bee!
Cheibriados thoroughly appreciates the change of pace.
The centaur shoots an arrow of frost.
The arrow of frost misses you.
The centaur unwields an uncursed bow.
The centaur barely misses you. The centaur barely misses you.
The centaur hits you.
You see here a killer bee corpse.
You hit the centaur. You claw the centaur. You peck the centaur!
The centaur is heavily wounded.
The centaur completely misses you.
You pummel the centaur!!
You kill the centaur!
Cheibriados thoroughly appreciates the change of pace.
You closely miss something. You claw something. Your punch misses something.
The shadow strikes at you from the darkness!
You die...

..##.....# #.###..###
.......# ...##..# .
.#.....# .# ...###.#
.# #.# #.# .. #.
#.############.# ..
#.##.((...(@)).# #.
#.##.########).......
#.##................
#.....########.#.###
####.## .# # #)# ..
#.# .. #.# .# #.#


There were no monsters in sight!

Vanquished Creatures
  Harold (Lair:2)
  Erica (D:10)
  Nergalle (Lair:2)
  Erolcha (D:9)
  2 centaur warriors
  The ghost of Moksha the Conjurer, an experienced DsCj of Sif Muna (D:9)
  5 large abominations (D:10)
  3 hill giants
  A wizard (D:10)
  2 cyclopes
  A feature mimic (D:10)
  3 spiny frogs
  Psyche (D:10)
  4 trolls
  Prince Ribbit (D:6)
  2 komodo dragons (D:8)
  A shadow (D:11)
  A wyvern (D:9)
  A trapdoor spider (D:12)
  5 ugly things (D:13)
  20 yaks
  A hill giant zombie (D:12)
  Eustachio (D:4)
  4 hippogriffs
  A hungry ghost (D:9)
  3 vampire mosquitoes (D:13)
  A hill giant skeleton (D:11)
  Menkaure (D:7)
  7 porcupines
  A soldier ant (D:11)
  4 sky beasts
  A human (D:7)
  A black bear (Lair:1)
  A mottled dragon (D:8)
  3 ice beasts
  A manticore (D:9)
  4 orc warriors
  7 small abominations (D:10)
  4 phantoms
  2 giant goldfish (Lair:2)
  5 ogres
  10 centaurs
  Sigmund (D:6)
  Duvessa (D:4)
  2 wargs (D:12)
  3 water moccasins
  2 big kobolds
  2 giant slugs (Lair:1)
  10 crocodiles
  10 giant frogs
  A manticore zombie (D:7)
  An eye of draining (D:13)
  6 killer bees
  A jellyfish (Lair:2)
  2 vampire bats (D:8)
  A quasit (D:10)
  Dowan (D:4)
  11 crimson imps
  4 goliath beetles
  A human zombie (Ossuary)
  2 centaur zombies (Ossuary)
  9 hounds
  A soldier ant zombie (D:9)
  A big fish (Lair:2)
  A jelly (D:7)
  9 orc wizards
  Crazy Yiuf (D:6)
  6 orc priests
  7 iguanas
  8 worker ants
  4 scorpions
  9 sheep
  A big kobold zombie (Ossuary)
  A big kobold skeleton (D:11)
  2 hound skeletons
  3 mummies
  13 adders
  7 gnolls
  4 giant centipedes
  30 green rats
  4 giant mites
  An inept feature mimic (D:2)
  7 worms
  2 adder zombies
  5 giant eyeballs
  9 giant geckos
  3 oozes
  35 orcs
  2 bat skeletons (D:8)
  2 bat zombies (D:8)
  6 giant cockroaches
  18 goblins
  18 hobgoblins
  21 jackals
  13 quokkas
  A ball python (D:3)
  23 bats
  4 giant newts
  A giant newt zombie (D:5)
  A goblin zombie (Ossuary)
  10 hobgoblin zombies
  3 jackal zombies (Ossuary)
  26 kobolds
  8 kobold zombies (Ossuary)
  13 orc zombies
  A quokka skeleton (D:8)
  A quokka zombie (D:7)
  17 rats
  A fungus (Lair:2)
556 creatures vanquished.

Vanquished Creatures (others)
  2 kobolds (D:12)
  A fungus (Lair:2)
3 creatures vanquished.

Grand Total: 559 creatures vanquished

Notes
Turn   | Place    | Note
--------------------------------------------------------------
     0 | D:1      | ReteAZ, the Tengu Monk, began the quest for the Orb.
     0 | D:1      | Reached XP level 1. HP: 14/14 MP: 1/1
   273 | D:1      | Reached XP level 2. HP: 12/19 MP: 3/3
   682 | D:2      | Reached skill level 5 in Unarmed Combat
   682 | D:2      | Reached XP level 3. HP: 14/23 MP: 4/4
   951 | D:2      | Found a blossoming altar of Fedhas.
  1221 | D:2      | Reached XP level 4. HP: 24/28 MP: 5/5
  1264 | D:2      | Found a snail-covered altar of Cheibriados.
  1317 | D:2      | Became a worshipper of Cheibriados the Contemplative
  1761 | D:2      | Reached skill level 6 in Unarmed Combat
  1761 | D:2      | Reached XP level 5. HP: 21/32 MP: 7/7
  2250 | D:3      | Acquired Cheibriados' first power
  2386 | D:3      | Found a radiant altar of Vehumet.
  3250 | D:4      | Reached XP level 6. HP: 25/37 MP: 8/8
  3267 | D:4      | Reached skill level 5 in Dodging
  3454 | D:4      | Reached skill level 7 in Unarmed Combat
  3509 | D:4      | Noticed Eustachio
  3535 | D:4      | Acquired Cheibriados' second power
  3600 | D:4      | Noticed an ogre
  3606 | D:4      | Killed an ogre
  3629 | D:4      | Found Taofean's Gadget Emporium.
  3716 | D:4      | Reached XP level 7. HP: 41/41 MP: 9/9
  3757 | D:4      | Paralysed by a giant eyeball for 4 turns
  3847 | D:4      | Noticed Duvessa
  3849 | D:4      | Noticed Dowan
  3854 | D:4      | Killed Duvessa
  3854 | D:4      | Reached skill level 8 in Unarmed Combat
  3865 | D:4      | Killed Dowan
  3978 | D:4      | Killed Eustachio
  4008 | D:4      | Upgraded the game from 0.14-a0-2034-gd6cb3fa to 0.14-a0-2052-gb76ddfe
  4110 | D:5      | Entered Level 5 of the Dungeon
  4371 | D:5      | Acquired Cheibriados' third power
  4371 | D:5      | Reached skill level 9 in Unarmed Combat
  4382 | D:5      | Reached XP level 8. HP: 34/46 MP: 11/11
  4692 | D:5      | Paralysed by a giant eyeball for 4 turns
  4918 | D:6      | Noticed Sigmund
  4938 | D:6      | Killed Sigmund
  5336 | D:6      | Noticed Prince Ribbit
  5355 | D:6      | Killed Prince Ribbit
  5355 | D:6      | Reached skill level 5 in Fighting
  5355 | D:6      | Reached skill level 10 in Unarmed Combat
  5355 | D:6      | Reached XP level 9. HP: 52/54 MP: 12/12
  5469 | D:6      | Noticed Crazy Yiuf
  5473 | D:6      | Killed Crazy Yiuf
  5736 | D:6      | Found a staircase to the Ecumenical Temple.
  5745 | Temple   | Entered the Ecumenical Temple
  5850 | D:7      | Learned a level 1 spell: Magic Dart
  5853 | D:7      | Learned a level 2 spell: Repel Missiles
  5856 | D:7      | Learned a level 2 spell: Blink
  5984 | D:7      | Found a basalt altar of Yredelemnul.
  6085 | D:7      | Noticed Menkaure
  6095 | D:7      | Killed Menkaure
  6214 | D:7      | Found a shimmering altar of Xom.
  6219 | D:7      | Found an iron altar of Okawaru.
  6326 | D:7      | Reached skill level 11 in Unarmed Combat
  6368 | D:7      | Reached XP level 10. HP: 39/61 MP: 13/13
  6807 | D:8      | Found a glowing silver altar of Zin.
  6808 | D:8      | Found a bloodstained altar of Trog.
  6830 | D:8      | Found Qokkiedi's Food Shop.
  6846 | D:8      | Paralysed by a giant eyeball for 4 turns
  6851 | D:8      | Paralysed by a giant eyeball for 2 turns
  6979 | D:8      | Found an ancient bone altar of Kikubaaqudgha.
  7063 | D:8      | Found a sand-covered staircase.
  7089 | Ossuary  | Entered an ossuary
  7442 | D:8      | Reached skill level 10 in Dodging
  7499 | D:8      | Found a staircase to the Lair.
  8020 | D:9      | Noticed a hill giant
  8020 | D:9      | Noticed a cyclops
  8068 | D:9      | Found a shadowy altar of Dithmengos.
  8172 | D:9      | Reached skill level 1 in Translocations
  8184 | D:9      | Noticed Erolcha
  8192 | D:9      | Killed Erolcha
  8192 | D:9      | Reached skill level 12 in Unarmed Combat
  8192 | D:9      | Reached skill level 1 in Charms
  8270 | D:9      | Noticed Moksha's ghost (experienced DsCj)
  8319 | D:9      | Killed Moksha's ghost
  8319 | D:9      | Reached XP level 11. HP: 30/68 MP: 15/15
  8674 | D:9      | Killed a hill giant
  8789 | D:9      | Killed a cyclops
  9042 | D:10     | Entered Level 10 of the Dungeon
  9074 | D:10     | Noticed a wizard
  9077 | D:10     | Killed a wizard
  9077 | D:10     | Reached skill level 13 in Unarmed Combat
  9125 | D:10     | Noticed a large abomination
  9125 | D:10     | Noticed a large abomination
  9125 | D:10     | Noticed a large abomination
  9129 | D:10     | Killed a large abomination
  9137 | D:10     | Noticed Erica
  9145 | D:10     | Killed Erica
  9185 | D:10     | Noticed a large abomination
  9187 | D:10     | Noticed a centaur warrior
  9192 | D:10     | Killed a centaur warrior
  9207 | D:10     | Killed a large abomination
  9391 | D:10     | Noticed a large abomination
  9470 | D:10     | Gained mutation: Your flesh is heat resistant. [potion of mutation]
  9470 | D:10     | Gained mutation: You have a pair of small antennae on your head. [potion of mutation]
  9470 | D:10     | Gained mutation: You have a slow metabolism. [potion of mutation]
  9495 | D:10     | Killed a large abomination
  9680 | D:10     | Reached skill level 14 in Unarmed Combat
  9721 | D:10     | Killed a large abomination
  9802 | D:10     | Reached XP level 12. HP: 73/77 MP: 16/16
  9813 | D:10     | Killed a large abomination
  9868 | D:10     | Paralysed by a giant eyeball for 4 turns
  9915 | D:10     | Noticed Psyche
  9925 | D:10     | Killed Psyche
  9989 | D:10     | Found a portal to a secret trove of treasure.
  9990 | D:10     | the portal to a secret trove of treasure was a mimic.
 10120 | D:10     | Reached skill level 10 in Fighting
 10257 | D:10     | Learned a level 3 spell: Mephitic Cloud
 10402 | Lair:1   | Entered Level 1 of the Lair of Beasts
 10425 | Lair:1   | Reached skill level 1 in Conjurations
 11203 | Lair:1   | Reached skill level 15 in Unarmed Combat
 11368 | Lair:2   | Noticed Harold
 11375 | Lair:2   | Killed Harold
 11643 | Lair:2   | Noticed Nergalle
 12176 | Lair:2   | Killed Nergalle
 12398 | Lair:3   | Noticed a death yak
 12399 | Lair:3   | Noticed a death yak
 12400 | Lair:3   | Noticed a death yak
 12400 | Lair:3   | Noticed a death yak
 12401 | Lair:3   | Noticed a death yak
 12402 | Lair:3   | Noticed a death yak
 13124 | D:11     | Found Pload's Assorted Antiques.
 13131 | D:11     | Bought a scroll labeled ZIYFOH SHRIWN for 28 gold pieces
 13131 | D:11     | Bought a scroll of enchant armour for 154 gold pieces
 13131 | D:11     | Bought a potion of curing for 56 gold pieces
 13131 | D:11     | Bought a scroll of teleportation for 84 gold pieces
 13246 | D:11     | Reached skill level 16 in Unarmed Combat
 13344 | D:11     | Learned a level 3 spell: Conjure Flame
 13567 | D:12     | Reached skill level 1 in Invocations
 13573 | D:12     | Reached XP level 13. HP: 67/82 MP: 17/18
 13644 | D:12     | Found Dalaq's Demolitions Depot.
 13830 | D:12     | Found Asomuon's Magic Scroll Shoppe.
 13851 | D:12     | Bought a scroll of blinking for 60 gold pieces
 13950 | D:12     | Found a staircase to the Orcish Mines.
 14481 | D:12     | HP: 2/82 [cyclops (30)]
 14483 | D:12     | Reached skill level 5 in Invocations
 15009 | D:13     | Slain by a shadow

Action                   |  1- 3 |  4- 6 |  7- 9 | 10-12 | 13-15 || total
-------------------------+-------+-------+-------+-------+-------++-------
Melee: Unarmed           |   103 |   146 |   199 |   613 |   127 ||  1188
 Fire: Blowgun           |       |     3 |    11 |     5 |       ||    19
Throw: Dart              |     6 |     7 |     5 |       |       ||    18
       Tomahawk          |       |       |       |     3 |       ||     3
 Cast: Blink             |       |       |       |     2 |       ||     2
       Mephitic Cloud    |       |       |       |     1 |       ||     1
       Repel Missiles    |       |       |       |       |     1 ||     1
 Abil: Fly               |       |       |       |       |     1 ||     1
Evoke: Wand              |       |       |     3 |     3 |     1 ||     7
  Use: Scroll            |       |     2 |    14 |    16 |       ||    32
       Potion            |       |       |     6 |     6 |     2 ||    14
 Stab: Sleeping          |     1 |     6 |     5 |    23 |     3 ||    38
       Distracted        |       |       |       |       |     2 ||     2
